 Dungeon Crawl Stone Soup version 0.26-a0-663-g36e8fdb655 (webtiles) character file.

Game seed: 7877095035422231228

22 marklar909 the Vexing (level 3, 0/26 HPs)
             Began as a Formicid Arcane Marksman on Oct 12, 2020.
             Slain by a hobgoblin
             ... wielding a +0 club
              (4 damage)
             ... on level 1 of the Dungeon.
             The game lasted 00:01:26 (678 turns).

marklar909 the Vexing (Formicid Arcane Marksman)     Turns: 678, Time: 00:01:27

Health: 0/26       AC:  2    Str: 14    XL:     3   Next: 7%
Magic:  4/4        EV: 12    Int: 12    God:
Gold:   14         SH:  0    Dex: 12    Spells: 3/4 levels left

rFire    . . .     SeeInvis +   a - +0 hunting sling
rCold    . . .     Faith    .   (no shield)
rNeg     . . .     Spirit   .   e - +0 robe
rPois    .         Reflect  .   (helmet unavailable)
rElec    .         Harm     .   (no cloak)
rCorr    .         Rampage  .   (no gloves)
MR       .....                  (no boots)
Stlth    +.........             (no amulet)
HPRegen  0.08/turn              (no ring)
MPRegen  0.09/turn              (no ring)

@: no status effects
A: permanent stasis, dig shafts and tunnels, four strong arms, antennae 3
a: Dig, Shaft Self


You were on level 1 of the Dungeon.
You visited 1 branch of the dungeon, and saw 1 of its levels.

You collected 14 gold pieces.

Inventory:

Hand Weapons
 a - a +0 hunting sling (weapon)
Missiles
 f - 6 stones (quivered)
 i - a sling bullet
Armour
 e - a +0 robe (worn)
Scrolls
 b - a scroll of enchant armour {unknown}
 d - a scroll of amnesia {unknown}
 g - 3 scrolls of immolation {unknown}
 j - a scroll of identify {unknown}
Potions
 c - a potion of curing {unknown}
 h - a potion of resistance {unknown}


   Skills:
 + Level 1.6 Fighting
 + Level 2.9 Slings
 + Level 1.8 Dodging
 + Level 1.1 Spellcasting
 + Level 4.0 Hexes


You had 3 spell levels left.
You knew the following spells:

 Your Spells              Type           Power        Failure   Level
a - Corona                Hex            ##.....      5%          1

Your spell library contained the following spells:

 Spells                   Type           Power        Failure   Level
 Slow                     Hex            ##......     9%          2
 Inner Flame              Hex/Fire       #.......     36%         3
 Portal Projectile        Hex/Tloc       #.....       36%         3
 Cause Fear               Hex            ##........   50%         4
 Leda's Liquefaction      Hex/Erth       #.........   78%         4


Dungeon Overview and Level Annotations

Branches:
Dungeon (1/15)

Altars:


Innate Abilities, Weirdness & Mutations

You cannot be hasted, slowed, berserked, paralysed or teleported.
You can dig through walls and to a lower floor.
Your four strong arms can wield two-handed weapons with a shield.
You have a pair of large antennae on your head. (SInv)


Message History

* * * LOW HITPOINT WARNING * * *
Things that are here:
a sling bullet; a stone
i - a sling bullet The hobgoblin hits you but does no damage.
You see here 2 stones.
f - 2 stones The hobgoblin hits you with a +0 club.
* * * LOW HITPOINT WARNING * * *
You see here a sling bullet.
Things that are here:
5 stones; a +0 club; 35 gold pieces
f - 7 stones (gained 5)
The hobgoblin closely misses you.
Firing (i - inventory. (/) - cycle)
f - 7 stones (quivered)
Press: ? - help, Shift-Dir - straight line, f/p - hobgoblin
Aim: a hobgoblin, wielding a +0 club (lightly wounded)
You shoot a stone. The stone barely misses the hobgoblin.
The hobgoblin hits you with a +0 club.
You die...

### #########.##################
# .......((.(..g@÷...........# ..
######...################.# ..#
#......### #.# ...###........####
#.#
.................###########.####
...#..........##.##..............
. #....÷#...##......########.####
##.((..#...##......# #.#
#..(....##.###......# #.####


You could see a hobgoblin.

Vanquished Creatures
  2 leopard geckos (D:1)
  2 giant cockroaches (D:1)
  A goblin (D:1)
  4 hobgoblins (D:1)
  4 jackals (D:1)
  A bat (D:1)
  3 rats (D:1)
17 creatures vanquished.

Notes
Turn   | Place    | Note
-------+----------+-------------------------------------------
     0 | D:1      | marklar909 the Formicid Arcane Marksman began the quest for
                  | the Orb.
     0 | D:1      | Reached XP level 1. HP: 15/15 MP: 2/2
   158 | D:1      | Reached XP level 2. HP: 12/21 MP: 3/3
   329 | D:1      | Reached skill level 4 in Hexes
   428 | D:1      | Reached XP level 3. HP: 8/26 MP: 0/4
   678 | D:1      | Slain by a hobgoblin

Illustrated notes

Levels and vault maps discovered:
D:1:      scummos_arrival_forest, layout_loops_ring, minmay_misc_feat_five

Skill      XL: |  1  2 |
---------------+-------+-----
Hexes          | 4 |  4.0
Fighting       | |  1.6
Slings         | |  2.9
Dodging        | |  1.8
Spellcasting   | |  1.1

Action                   || total
-------------------------++-------
 Fire: Hunting sling     ||    70
 Cast: Corona            ||     8
Armor: Robe              ||    17
Dodge: Dodged            ||    46

Table legend: (Time is in decaauts)
 A = Elapsed time spent in this place.
 B = Non-inter-level travel time spent in this place.
 C = Inter-level travel time spent in this place.
 D = Time resting spent in this place.
 E = Time spent auto-exploring this place.
 F = Levels seen in this place.
 G = Mean time per level.
                   A        B        C        D        E       F      G
               +--------+--------+--------+--------+--------+-----+--------+
         Total |    683 |    683 |      0 |      0 |    498 |   1 |  683.0 |
       Dungeon |    683 |    683 |      0 |      0 |    498 |   1 |  683.0 |
               +--------+--------+--------+--------+--------+-----+--------+

Top non-repeatable levels by time:
     D:1: 683 daAuts
